 Dungeon Crawl Stone Soup version 0.29.1-2-gbd0b4ee654 (webtiles) character file.

Game seed: 5976049758114306111

902259 Lutefisk the Slayer (level 27, -5/119 (149) HPs)
             Began as a Vine Stalker Brigand on Oct 26, 2022.
             Was a High Priest of Ru.
             Engulfed by a tainted leviathan's foul pestilence (6 damage)
             ... on level 2 of Tartarus on Oct 27, 2022.
             The game lasted 05:19:30 (48459 turns).

Lutefisk the Slayer (Vine Stalker Brigand)         Turns: 48459, Time: 05:19:31

HP:   -5/119 (149)  AC: 44    Str: 20    XL:     27
MP:   0/24          EV: 16    Int: 18    God:    Ru [*****.]
Gold: 7407          SH: 25    Dex: 28    Spells: 26/26 levels left

rFire   + + +      SeeInvis +   g - +8 sacred scourge (holy)
rCold   + + .      Faith    .   T - +6 kite shield "Kocwetej" {Drain rElec rPois rF+}
rNeg    + + +      Spirit   +   d - +10 plate armour of the Seven Songs {rPois rC+ SInv}
rPois   +          Reflect  .   V - +2 helmet {Int+3}
rElec   +          Harm     .   c - +2 cloak {rPois}
rCorr   +          Rampage  .   O - +0 pair of gloves "Quqyruil" {rF+ Int+4}
Will    ++...      Rage     3%  S - +2 pair of boots "Hattyorph" {Drain Fly rN+++ Will+}
Stlth   ..........              v - amulet of regeneration
HPRegen 1.89/turn               X - ring of Teshrak {rF+ rN+ Will+ rCorr}
MPRegen 0.19/turn               s - ring "Kexzi" {rC+ Dex+6}

@: lethally poisoned (-5 -> -8), exhausted, about to teleport, afraid,
doom-hounded, flying, mesmerised, hasted and slowed, studying 2 skills, heavily
drained, weak-willed
A: fangs 3, clumsy 1, frail 1, regeneration 1, magic shield, antimagic bite, no
potion heal 2, hated by all, no ice magic, no translocations magic, no
transmutations magic, unskilled 1, talons 1, berserk 1
}: 11/15 runes: decaying, slimy, silver, icy, abyssal, demonic, glowing,
magical, fiery, dark, gossamer
a: Renounce Religion, Draw Out Power, Power Leap, Apocalypse


You were on level 2 of Tartarus.
You worshipped Ru.
Ru was extremely pleased with you.
You visited 13 branches of the dungeon, and saw 62 of its levels.
You visited Pandemonium 1 time, and saw 14 of its levels.
You visited the Abyss 2 times.
You also visited: Sewer, Gauntlet, Volcano and Wizlab.

You collected 9598 gold pieces.
You spent 2191 gold pieces at shops.

Inventory:

Hand Weapons
 g - a +8 sacred scourge of holy wrath (weapon)
 x - the +2 Maxwell's thermic engine {flame, freeze}
   (You found it in a wizard's laboratory)

   It burns those it strikes, dealing additional fire damage.
   Big, fiery blades are also staple armaments of hydra-hunters.
   It freezes those it strikes, dealing additional cold damage.
   It can also slow down cold-blooded creatures.
   It becomes more effective when it hits something.
   This effect fades over time.
 E - the +10 whip of Lyrroby {distort, rPois rN++}
   (You found it on level 4 of the Dungeon)

   It warps and distorts space around it, and may blink, banish, or inflict
   extra damage upon those it strikes.
   Unwielding it can cause banishment or high damage.
   rPois:     It protects you from poison.
   rN:        It greatly protects you from negative energy.
 Z - a +9 demon whip of flaming
Missiles
 a - 15 javelins (quivered)
 e - 3 curare-tipped darts
 G - a throwing net
Armour
 c - a +2 cloak of poison resistance (worn)
 d - the +10 plate armour of the Seven Songs (worn) {rPois rC+ SInv}
   (You found it on level 3 of the Elven Halls)

   rC:        It protects you from cold.
   rPois:     It protects you from poison.
   SInv:      It lets you see invisible.
 I - the +18 shield of the Gong {rElec rN+ Will+ EV-5}
   (You found it on level 5 of the Pits of Slime)

   It is deafeningly noisy when blocking attacks.
   EV:        It affects your evasion (-5).
   rElec:     It insulates you from electricity.
   rN:        It protects you from negative energy.
   Will:      It increases your willpower.
 O - the +0 pair of gloves "Quqyruil" (worn) {rF+ Int+4}
   (You found it in a Gauntlet)

   Int:       It affects your intelligence (+4).
   rF:        It protects you from fire.
 S - the +2 pair of boots "Hattyorph" (worn) {Drain Fly rN+++ Will+}
   (You bought it in a shop on level 2 of the Orcish Mines)

   rN:        It renders you almost immune to negative energy.
   Fly:       It grants you flight.
   Drain:     It drains your maximum health when unequipped.
   Will:      It increases your willpower.
 T - the +6 kite shield "Kocwetej" (worn) {Drain rElec rPois rF+}
   (You found it in a wizard's laboratory)

   rF:        It protects you from fire.
   rElec:     It insulates you from electricity.
   rPois:     It protects you from poison.
   Drain:     It drains your maximum health when unequipped.
 V - a +2 helmet of intelligence (worn)
Jewellery
 j - the ring "Retucit" {rF+ Str+8 Stlth+}
   (You found it on level 14 of the Dungeon)

   [ring of protection from fire]

   Str:       It affects your strength (+8).
   rF:        It protects you from fire.
   Stlth:     It makes you more stealthy.
 s - the ring "Kexzi" (right hand) {rC+ Dex+6}
   (You found it on level 2 of the Vaults)

   [ring of dexterity]

   Dex:       It affects your dexterity (+6).
   rC:        It protects you from cold.
 t - the ring of Secrets {AC+4 Dex+3}
   (You took it off a frost giant on level 5 of the Vaults)

   [ring of protection]

   AC:        It affects your AC (+4).
   Dex:       It affects your dexterity (+3).
 v - an amulet of regeneration (around neck)
 y - a ring of wizardry
 N - the ring "Imumpuy" {*Corrode rF+ Dex+4 SInv}
   (You found it on level 1 of the Spider Nest)

   [ring of see invisible]

   Dex:       It affects your dexterity (+4).
   rF:        It protects you from fire.
   SInv:      It lets you see invisible.
   *Corrode:  It may corrode you when you take damage.
 P - the ring "Aptiyts" {rC+ Str+6 Dex+2}
   (You took it off a naga on level 4 of the Depths)

   [ring of protection from cold]

   Str:       It affects your strength (+6).
   Dex:       It affects your dexterity (+2).
   rC:        It protects you from cold.
 X - the ring of Teshrak (left hand) {rF+ rN+ Will+ rCorr}
   (You found it on level 4 of the Depths)

   [ring of resist corrosion]

   rF:        It protects you from fire.
   rN:        It protects you from negative energy.
   rCorr:     It protects you from acid and corrosion.
   Will:      It increases your willpower.
Wands
 o - a wand of light (35)
 p - a wand of mindburst (8)
 F - a wand of iceblast (26)
 Q - a wand of flame (56)
 U - a wand of digging (28)
Scrolls
 f - 7 scrolls of fear
 l - 8 scrolls of teleportation
 m - 7 scrolls of enchant armour
 q - 3 scrolls of fog
 A - 2 scrolls of magic mapping
 L - 7 scrolls of silence
 R - 13 scrolls of poison
 W - 15 scrolls of vulnerability
 Y - 5 scrolls of immolation
Potions
 b - 11 potions of attraction
 h - 6 potions of mutation
 i - 26 potions of curing
 k - 6 potions of cancellation
 n - 9 potions of brilliance
 r - 8 potions of magic
 u - 6 potions of might
 w - 4 potions of invisibility
 z - 7 potions of resistance
 C - 4 potions of ambrosia
 H - 9 potions of lignification
 J - 7 potions of haste
 K - 4 potions of berserk rage
Miscellaneous
 B - a condenser vane
 D - a phial of floods
 M - a lightning rod (4/4)


   Skills:
 - Level 24.0 Fighting
 - Level 1.5 Short Blades
 - Level 12.0 Maces & Flails
 - Level 10.0 Throwing
 * Level 23.5 Armour
 - Level 12.0 Dodging
 - Level 8.2 Stealth
 - Level 23.0 Shields
 - Level 5.0 Evocations


You had 26 spell levels left.
You didn't know any spells.
Your spell library contained the following spells:

 Spells                   Type           Power      Damage    Failure   Level
 Slow                     Hex            0%         N/A       83%         1
 Poisonous Vapours        Pois/Air       0%         N/A       92%         2
 Static Discharge         Conj/Air       0%         3-3/arc   92%         2
 Sublimation of Blood     Necr           0%         N/A       92%         2
 Confusing Touch          Hex            0%         N/A       99%         3
 Dazzling Flash           Conj/Hex       0%         N/A       99%         3
 Inner Flame              Hex/Fire       0%         N/A       99%         3
 Mephitic Cloud           Conj/Pois/Air  0%         N/A       99%         3
 Stone Arrow              Conj/Erth      0%         3d7       99%         3
 Vampiric Draining        Necr           0%         2d6       99%         3
 Anguish                  Hex/Necr       0%         N/A       100%        4
 Corpse Rot               Necr/Pois/Air  0%         N/A       100%        4
 Dispel Undead            Necr           0%         3d6       100%        4
 Fulminant Prism          Conj/Hex       0%         3d6       100%        4
 Sticky Flame             Conj/Fire      0%         2d3       100%        4
 Agony                    Necr           0%         N/A       100%        5
 Borgnjor's Vile Clutch   Necr/Erth      0%         N/A       100%        5
 Fireball                 Conj/Fire      0%         3d3       100%        5
 Iskenderun's Battlesphe  Conj           0%         2d6       100%        5
 Lightning Bolt           Conj/Air       0%         1d11      100%        5
 Silence                  Hex/Air        0%         N/A       100%        5
 Conjure Ball Lightning   Conj/Air       0%         3x3d6     100%        6
 Iron Shot                Conj/Erth      0%         9d1       100%        6
 Starburst                Conj/Fire      0%         6d3       100%        6
 Orb of Destruction       Conj           0%         9d5       100%        7
 Borgnjor's Revivificati  Necr           0%         N/A       100%        8
 Discord                  Hex            0%         N/A       100%        8
 Ignition                 Fire           0%         3d3       100%        8
 Lehudib's Crystal Spear  Conj/Erth      0%         10d2      100%        8
 Maxwell's Capacitive Co  Air            0%         ∞         100%        8
 Death's Door             Necr           0%         N/A       100%        9
 Blink                    Tloc           Unusable   N/A       N/A         2
 Gell's Gravitas          Tloc           Unusable   N/A       N/A         3
 Ignite Poison            Fire/Tmut/Pois Unusable   N/A       N/A         3
 Portal Projectile        Hex/Tloc       Unusable   N/A       N/A         3
 Summon Guardian Golem    Hex/Summ       Unusable   N/A       N/A         3
 Teleport Other           Tloc           Unusable   N/A       N/A         3
 Tukima's Dance           Hex            Unusable   N/A       N/A         3
 Animate Armour           Summ/Erth      Unusable   N/A       N/A         4
 Animate Dead             Necr           Unusable   N/A       N/A         4
 Hailstorm                Conj/Ice       Unusable   3d3       N/A         4
 Ice Form                 Ice/Tmut       Unusable   N/A       N/A         4
 Passage of Golubria      Tloc           Unusable   N/A       N/A         4
 Petrify                  Tmut/Erth      Unusable   N/A       N/A         4
 Summon Ice Beast         Ice/Summ       Unusable   N/A       N/A         4
 Alistair's Intoxication  Tmut/Pois      Unusable   N/A       N/A         5
 Blade Hands              Tmut           Unusable   N/A       N/A         5
 Freezing Cloud           Conj/Ice/Air   Unusable   6-21      N/A         5
 Irradiate                Conj/Tmut      Unusable   3d11      N/A         5
 Manifold Assault         Tloc           Unusable   N/A       N/A         5
 Summon Mana Viper        Hex/Summ       Unusable   N/A       N/A         5
 Death Channel            Necr           Unusable   N/A       N/A         6
 Dispersal                Tloc           Unusable   N/A       N/A         6
 Eringya's Noxious Bog    Tmut/Pois      Unusable   N/A       N/A         6
 Simulacrum               Ice/Necr       Unusable   N/A       N/A         6
 Monstrous Menagerie      Summ           Unusable   N/A       N/A         7
 Spellforged Servitor     Conj/Summ      Unusable   N/A       N/A         7
 Storm Form               Tmut/Air       Unusable   N/A       N/A         7
 Disjunction              Tloc           Unusable   N/A       N/A         8
 Necromutation            Tmut/Necr      Unusable   N/A       N/A         8

Dungeon Overview and Level Annotations

Branches:
Dungeon (15/15)            Temple (0/1) D:4            Lair (5/5) D:9
  Swamp (4/4) Lair:3       Spider (4/4) Lair:3        Slime (5/5) Lair:5
    Orc (2/2) D:11            Elf (3/3) Orc:2        Vaults (5/5) D:14
  Crypt (0/3) Vaults:3     Depths (4/4) D:15           Hell (visited)
    Dis (0/7) Hell            Coc (7/7) Hell            Tar (2/7) Hell
    Zot (5/5) Depths:4      Sewer (visited)         Volcano (visited)
 WizLab (visited)         Gauntlet (visited)
    Geh: Hell:1

Altars:
Ashenzari
Dithmenos
Kikubaaqudgha
Nemelex Xobeh
Okawaru
Ru
Sif Muna
Trog
Uskayaw
Wu Jian
Xom
The Shining One
Lugonu

Shops:
D:3 !   Orc:2 =([*   Elf:1 =!   Elf:2 (   Vaults:2 !   Vaults:3 ==[
Vaults:5 *!   Depths:1 =   Depths:3 ?

Portals:
Hell: Depths:2 Depths:4
Abyss: D:8 D:15 Depths:1 Depths:3
Pandemonium: Depths:2
Ziggurat: Depths:1
Trove: Vaults:2 (give 7 scrolls of blinking)

Annotations:
D:15 1 transporter, ZLogic's ghost, journeyman SpEn
Lair:4 1 runed translucent door, Fifowuza's ghost, journeyman DrTm
Swamp:1 Roxanne
Swamp:4 Bai Suzhen
Spider:1 Nikola
Elf:1 1 runed translucent door, math4jedi's ghost, journeyman MiBe
Elf:2 3 runed translucent doors
Abyss:1 Fannar; Parghit


Innate Abilities, Weirdness & Mutations

You have razor-sharp teeth.
You are clumsy. (Dex -2)
You are frail. (-10% HP)
Your natural rate of healing is unusually fast.
When hurt, damage is shared between your health and your magic reserves.
Your bite disrupts and absorbs the magic of your enemies.
Potions cannot restore your health.
You are hated by all.
You cannot study or cast Ice magic.
You cannot study or cast Translocations magic.
You cannot study or cast Transmutations magic.
You are somewhat unskilled. (-1 Apt)
You have sharp toenails.
You sometimes lose your temper in combat.


Message History

The spectral centaur warrior is stunned by your conviction and fails to attack.
The doom hound bites you.
* * * LOW HITPOINT WARNING * * *
The doom hound claws you but does no damage.
The Tzitzimitl begins to attack, but is stunned by your conviction!
Unknown command.
Unknown command.
Okay, then.
Unknown command.
As you read the scroll of teleportation, it crumbles to dust.
You feel strangely unstable.
You are engulfed in dark miasma.
* * * LOW HITPOINT WARNING * * *
You feel very sick.
You block the spectral caustic shrike's attack.
You block the spectral centaur warrior's attack.
The spectral centaur warrior kicks you but does no damage.
The spectral quicksilver dragon bites you but does no damage.
You block the spectral quicksilver dragon's attack.
The spectral centaur warrior hits you but does no damage.
You block the spectral centaur warrior's attack.
The tainted leviathan hits you but does no damage. x2
The eidolon begins to attack, but is stunned by your conviction!
You redirect the tainted leviathan's attack!
The tainted leviathan hits the Tzitzimitl! x2
The spectral caustic shrike claws you but does no damage.
The doom hound bites you but does no damage.
The doom hound claws you!
* * * LOW HITPOINT WARNING * * *
The spectral centaur warrior is stunned by your conviction and fails to attack.
The Tzitzimitl is stunned by your conviction and fails to attack.
The spectral centaur warrior hits you but does no damage.
The spectral centaur warrior kicks you but does no damage.
Okay, then.
Unknown command.
You hit the tainted leviathan.
The tainted leviathan convulses.
The tainted leviathan shouts!
Your bite misses the tainted leviathan.
The tainted leviathan is heavily damaged.
You are engulfed in dark miasma.
You die...

#...# ##...##
###.....###
##....°....##
#.....○.....#
.##.....Z°°...##
......ZZZC○.....
.(...WZh@C°.....
......ZWZ1......
.##....ZZ.....##
#...........#
##.........##
###.....###
##...## #...#
....#


You could see 2 tainted leviathans, a doom hound, a Tzitzimitl, 2 eidola, a
spectral dire elephant, a spectral quicksilver dragon, a spectral harpy, a
spectral alligator snapping turtle, 3 spectral centaur warriors, a spectral
caustic shrike and a spectral juggernaut.

Vanquished Creatures
  Antaeus (Hell)
  the Royal Jelly (Slime:5)
  A seraph (Pan)
  Lom Lobon (Pan)
  Gloorx Vloq (Pan)
  Mnoleg (Pan)
  4 dread liches
  4 ancient liches
  2 orbs of fire (Zot:5)
  Mara (Vaults:2)
  A juggernaut (Depths:4)
  A Killer Klown (Zot:2)
  the Lernaean hydra (Swamp:4)
  Xtahua (Abyss:3)
  17 shard shrikes
  2 curse toes
  4 caustic shrikes
  Geryon (Hell)
  8 golden dragons
  2 profane servitors
  A bone dragon (Abyss:3)
  the Enchantress (Depths:2)
  A Tzitzimitl (Pan)
  A pearl dragon (Pan)
  2 electric golems
  A pandemonium lord (Pan)
  An iron giant (shapeshifter) (Depths:3)
  Jorgrun (Swamp:1)
  23 tentacled monstrosities
  Rupert (Lair:4)
  17 Ice Fiends
  3 tainted leviathans (Tar:2)
  A Hell Sentinel (Pan)
  A walking earthen tome (Depths:3)
  6 liches
  8 Orb Guardians
  A walking crystal tome (Depths:3)
  Asterion (Spider:4)
  A deep elf blademaster (Elf:3)
  4 deep elf master archers (Elf:3)
  15 titans
  A walking frostbound tome (Depths:3)
  10 acid blobs
  4 quicksilver dragons
  7 death cobs
  7 sphinxes
  Gastronok (Lair:1)
  Murray (Hell)
  2 ancient champions (Hell)
  16 Executioners (Pan)
  11 tentacled starspawn
  Donald (Spider:1)
  10 draconian monks
  7 storm dragons
  5 shadow dragons
  A thorn hunter (Swamp:4)
  8 tengu reavers
  The ghost of Godmorgon the Bludgeoner, an adept FoAK of Lugonu (D:14)
  A fenstrider witch (Swamp:2)
  10 azure jellies
  7 rockslimes
  14 daevas
  2 demonspawn warmongers (Pan)
  12 fire giants
  8 narguns
  14 frost giants
  2 emperor scorpions
  16 vault wardens
  3 orc warlords
  4 draconian shifters
  2 iron dragons
  9 shard shrike simulacra
  6 deep elf sorcerers (Elf:3)
  A ghost moth (Zot:1)
  6 draconian knights
  4 balrugs
  4 draconian scorchers
  10 cacodemons
  2 deep elf elementalists (Elf:3)
  21 very ugly things
  13 ironbound preservers
  15 angels
  5 draconian stormcallers
  6 quicksilver oozes
  A demonspawn blood saint (Pan)
  6 spriggan defenders
  8 reapers
  6 draconian annihilators
  3 war gargoyles
  12 stone giants
  A juggernaut skeleton (Depths:1)
  4 deep elf demonologists
  A broodmother (Spider:3)
  10 ironbound thunderhulks
  16 ophanim (Pan)
  42 elemental wellsprings
  6 green draconians
  31 starcursed masses
  A putrid mouth (Tar:1)
  12 apis (Pan)
  9 deep elf annihilators
  7 black draconians
  5 vampire knights
  5 wendigos
  9 dire elephants
  7 white draconians
  An eleionoma (Swamp:3)
  4 yellow draconians
  7 red draconians
  5 lorocyprocas
  4 demonspawn black suns (Pan)
  3 bunyips
  15 spark wasps
  5 ettins
  10 purple draconians
  3 entropy weavers
  6 blizzard demons
  7 deep elf death magi
  A minotaur (Gauntlet)
  4 eidola
  10 green deaths
  A spectral quicksilver dragon (Tar:1)
  An iron golem (Depths:2)
  A merfolk impaler (Abyss:3)
  2 crystal guardians
  6 deep elf high priests
  6 fire dragons
  Josephine (Swamp:1)
  19 great orbs of eyes
  15 yaktaur captains
  2 spectral spriggans (Tar:1)
  7 rakshasas
  37 vault guards
  3 juggernaut simulacra
  2 salamander tyrants (WizLab)
  7 boulder beetles
  A jorogumo (Spider:4)
  8 ice dragons
  6 spriggan air magi
  19 hydras
  An ogre mage (Vaults:5)
  A death knight (Abyss:3)
  A hell beast (Hell)
  A spriggan skeleton (Pan)
  A merfolk aquamancer (Abyss:3)
  6 peacekeepers
  2 catoblepae
  3 ghost crabs
  12 caustic shrike simulacra
  8 alligators
  12 ironbound frosthearts
  5 two-headed ogres
  8 centaur warriors
  A naga warrior (Abyss:3)
  8 dancing weapons
  5 deep troll shamans
  12 hell hogs
  5 deep troll earth magi
  5 tengu warriors
  4 vampire magi
  7 thrashing horrors (Abyss:3)
  A spectral naga (Tar:1)
  2 death yaks (Lair:4)
  An orc high priest (Orc:2)
  Urug (Lair:4)
  9 spriggan berserkers
  A naga sharpshooter (Depths:4)
  14 soul eaters
  Sonja (Abyss:1)
  16 hell knights
  17 sun demons
  5 wretched stars
  7 shadow wraiths
  15 sixfirhies
  7 skeletal warriors
  3 iron trolls
  6 pharaoh ants
  15 deep elf knights
  2 goliath frogs (Swamp:2)
  2 crystal echidnas (Hell)
  4 quicksilver dragon simulacra
  13 cherubim (Pan)
  17 deep trolls
  4 sun moths (Spider:4)
  8 orb spiders
  2 death drakes (shapeshifter)
  5 deep elf archers
  7 swamp dragons
  4 spriggan druids
  A sea snake (Abyss:3)
  A spatial maelstrom (Abyss:3)
  4 flayed ghosts
  7 wizards
  3 lindwurms
  6 phantasmal warriors
  11 bog bodies
  5 glowing orange brains
  5 steelbarb worms
  17 wolf spiders
  13 ironbound convokers
  9 orc knights
  A lindwurm (shapeshifter) (Vaults:5)
  2 anaconda skeletons (Hell)
  6 harpies
  32 ugly things
  25 deep elf pyromancers
  26 deep elf zephyrmancers
  13 necromancers
  6 shining eyes
  A stone giant zombie (Hell)
  A fire giant zombie (Depths:1)
  A mana viper (Abyss:3)
  5 orc sorcerers
  A manticore (shapeshifter) (Abyss:3)
  A manticore (D:13)
  A worldbinder (Abyss:3)
  A salamander (WizLab)
  4 cyclopes
  2 will-o-the-wisps
  5 elephants
  A spectral centaur (Tar:1)
  27 moths of wrath
  An apocalypse crab (Abyss:1)
  A salamander (shapeshifter) (Elf:3)
  15 vault sentinels
  A stone giant skeleton (Depths:1)
  A centaur zombie (Hell)
  2 ice statues (Hell)
  2 guardian serpents (Abyss:3)
  A naga mage (Abyss:3)
  5 eyes of devastation
  2 torpor snails (Spider:4)
  9 black mambas
  3 rust devils
  10 cane toads
  A storm dragon simulacrum (Coc:2)
  2 molten gargoyles
  21 smoke demons
  9 orange demons
  4 titan simulacra
  A naga skeleton (Pan)
  A dire elephant skeleton (Pan)
  9 gargoyles
  6 hellions
  A rime drake (Lair:4)
  An unseen horror (shapeshifter) (Depths:3)
  2 efreet
  10 demonic crawlers
  2 unseen horrors (Depths:3)
  2 tengu conjurers
  3 tormentors
  4 anaconda simulacra
  8 komodo dragons
  33 yaktaurs
  4 ice devils
  10 hellwings
  8 freezing wraiths
  An alligator snapping turtle skeleton (Pan)
  2 yaktaur skeletons
  A golden dragon simulacrum (Coc:5)
  6 ancient zymes (Abyss:3)
  A red devil (Pan)
  A spectral harpy (Tar:1)
  2 trolls
  A queen bee (Lair:5)
  2 harpy zombies (Hell)
  3 hornets
  3 polar bears
  7 meliai
  5 hydra zombies
  10 tyrant leeches
  2 hydra skeletons (Hell)
  67 slime creatures
  A harpy skeleton (Abyss:3)
  16 tarantellas
  An iron dragon simulacrum (Coc:4)
  13 raiju
  3 stone giant simulacra
  24 small abominations
  23 jumping spiders
  2 alligator zombies (Hell)
  11 culicivoras
  A centaur simulacrum (Abyss:3)
  7 spriggans
  A shadow (D:11)
  7 water elementals
  5 air elementals
  6 wraiths
  8 dire elephant simulacra
  A vampire (D:9)
  14 ynoxinuls
  54 yaks
  3 fire elementals
  An alligator snapping turtle simulacrum (Coc:2)
  5 golden eyes (Slime:5)
  14 wyverns
  4 basilisks
  7 chaos spawn
  13 neqoxecs
  39 redbacks
  2 steam dragons
  10 vampire mosquitoes
  45 large abominations
  8 wargs
  12 harpy simulacra
  10 swamp worms
  3 nagas
  3 acid dragons
  13 water moccasins
  10 hell hounds (Hell)
  2 hydra simulacra
  10 swamp drakes
  5 floating eyes
  35 orc warriors
  An ettin simulacrum (Coc:4)
  3 black bears
  An ice beast (D:5)
  2 ogres
  3 wolves (Lair:2)
  13 centaurs
  2 phantoms
  A kobold brigand (D:7)
  2 naga simulacra (Coc:4)
  9 bullfrogs
  A scorpion (D:5)
  11 earth elementals
  5 wights
  A hornet simulacrum (D:14)
  16 killer bees
  4 electric eels
  A howler monkey (D:4)
  A quasit (Abyss:3)
  A lava snake (D:7)
  2 hounds
  4 jellies
  13 orc priests
  A gnoll bouda (D:9)
  3 iron imps (Abyss:3)
  7 orc wizards
  Jessica (D:3)
  2 iguanas (Lair:3)
  6 hell rats (Lair:4)
  2 lightning spires (WizLab)
  10 gnolls
  13 adders
  5 river rats (Sewer)
  3 white imps (Gauntlet)
  2 ufetubi (Abyss:3)
  A worm (D:3)
  A worm (shapeshifter) (Vaults:5)
  A dart slug (D:4)
  66 orcs
  7 endoplasms
  4 giant cockroaches
  3 goblins
  5 hobgoblins
  3 jackals
  14 kobolds
  2 quokkas
  5 ball pythons
  A bat (D:1)
  7 frilled lizards
  4 rats
  A bush (Lair:2)
  A butterfly (Lair:1)
  2 lurking horrors
  14 starspawn tentacles
2463 creatures vanquished.

Vanquished Creatures (others)
  A titan (Vaults:5)
  An eldritch tentacle (Pan)
  A fire giant (Depths:1)
  2 vault wardens
  A draconian scorcher (Zot:2)
  A draconian shifter (Zot:1)
  An ironbound preserver (Vaults:1)
  A black draconian (Zot:2)
  An entropy weaver (Spider:2)
  A dire elephant (Vaults:4)
  An iron golem (Depths:2)
  An ettin (Depths:4)
  A caustic shrike simulacrum (Coc:7)
  3 hydras
  A peacekeeper (Vaults:2)
  A juggernaut simulacrum (Coc:7)
  3 dancing weapons
  A spriggan (Swamp:2)
  3 deep elf knights
  A pharaoh ant (Spider:3)
  A quicksilver dragon simulacrum (Coc:7)
  A swamp dragon (Swamp:4)
  A glowing orange brain (Pan)
  A deep elf archer (Elf:3)
  A deep elf pyromancer (Elf:1)
  A wizard (Vaults:2)
  A lindwurm (Vaults:1)
  An ironbound convoker (Vaults:5)
  A necromancer (Depths:2)
  A phantasmal warrior (Vaults:5)
  3 deep elf zephyrmancers
  A moth of wrath (Zot:2)
  A wolf spider (Spider:2)
  A dire elephant zombie (Hell)
  A cane toad (shapeshifter) (Vaults:5)
  A cane toad (Lair:4)
  An anaconda simulacrum (Coc:2)
  2 iron giant simulacra (Coc:4)
  A bloated husk (Swamp:2)
  A slime creature (Slime:5)
  A hornet (Swamp:2)
  A raiju (Abyss:3)
  An iron dragon simulacrum (Coc:4)
  A stone giant simulacrum (Coc:2)
  A jumping spider (Spider:2)
  A culicivora (Spider:2)
  A yak (Lair:2)
  A redback (Spider:2)
  A harpy simulacrum (Coc:3)
  An orc warrior (Orc:2)
  A centaur (D:14)
  6 orcs
  3 ball lightnings (Pan)
  2 bushes (D:14)
  2 demonic plants (Abyss:3)
  18 foxfires
  37 fungi
  A lurking horror (D:8)
  97 plants
  18 starspawn tentacles
  6 withered plants
251 creatures vanquished.

Grand Total: 2714 creatures vanquished

Notes
Turn   | Place    | Note
-------+----------+-------------------------------------------
     0 | D:1      | Lutefisk the Vine Stalker Brigand began the quest for the
                  | Orb.
     0 | D:1      | Reached XP level 1. HP: 11/11 MP: 2/2
    18 | D:1      | You fall into a shaft and drop 1 floor!
   193 | D:1      | Reached skill level 5 in Stealth
   199 | D:1      | Reached skill level 2 in Fighting
   310 | D:2      | Reached XP level 2. HP: 15/15 MP: 3/3
   406 | D:2      | Reached skill level 3 in Fighting
   406 | D:2      | Reached XP level 3. HP: 16/20 MP: 4/4
   483 | D:1      | Got the Anthology of Jinxing
   582 | D:2      | Found a faded altar of an unknown god.
   724 | D:3      | Noticed an ogre
   756 | D:3      | Noticed Jessica
   772 | D:3      | Killed Jessica
   773 | D:3      | Gained mutation: Your natural rate of healing is unusually
                  | fast. [Vine Stalker growth]
   773 | D:3      | Reached XP level 4. HP: 25/25 MP: 5/5
   853 | D:3      | Found a bloodstained altar of Trog.
   883 | D:3      | Found a glowing drain.
   905 | D:3      | Reached skill level 4 in Fighting
   919 | Sewer    | Entered a sewer
   977 | Sewer    | Reached skill level 1 in Dodging
  1096 | Sewer    | Reached XP level 5. HP: 29/29 MP: 6/6
  1456 | D:3      | Killed an ogre
  1457 | D:3      | Reached XP level 6. HP: 33/33 MP: 7/7
  1497 | D:3      | Found a sacrificial altar of Ru.
  1508 | D:3      | Became a worshipper of Ru the Awakened
  1596 | D:3      | Found Immouhi's Distillery.
  1624 | D:3      | Bought a potion of curing for 30 gold pieces
  1644 | D:3      | Identified the +2 robe "Quenu" {rN++}
  1666 | D:4      | Noticed a black bear
  1668 | D:4      | Killed a black bear
  1980 | D:4      | Reached XP level 7. HP: 35/37 MP: 6/8
  1987 | D:4      | Found a staircase to the Ecumenical Temple.
  2034 | D:4      | Found a sparkling altar of Nemelex Xobeh.
  2044 | D:4      | Identified the +10 whip of Lyrroby {distort, rPois rN++}
  2073 | D:5      | Entered Level 5 of the Dungeon
  2137 | D:5      | Reached skill level 1 in Maces & Flails
  2257 | D:5      | Reached skill level 5 in Fighting
  2311 | D:6      | Gained mutation: You are frail. (-10% HP) [Ru sacrifice]
  2311 | D:6      | Reached * piety under Ru
  2380 | D:5      | Gained mutation: You have razor-sharp teeth. [Vine Stalker
                  | growth]
  2380 | D:5      | Reached XP level 8. HP: 38/38 MP: 9/9
  2544 | D:7      | Reached skill level 6 in Fighting
  2784 | D:6      | Found an iron altar of Okawaru.
  2957 | D:7      | Reached skill level 5 in Maces & Flails
  2957 | D:7      | Reached skill level 1 in Shields
  2993 | D:7      | Found a hide-covered altar of Uskayaw.
  3014 | D:7      | Reached XP level 9. HP: 43/44 MP: 8/10
  3053 | D:7      | Found an ancient bone altar of Kikubaaqudgha.
  3053 | D:7      | Found a blossoming altar of Fedhas.
  3276 | D:8      | Found a corrupted altar of Lugonu.
  3279 | D:8      | Found a one-way gate to the infinite horrors of the Abyss.
  3335 | D:8      | Found an ornate altar of the Wu Jian Council.
  3557 | D:9      | Reached skill level 7 in Fighting
  3722 | D:9      | Reached skill level 1 in Armour
  3735 | D:9      | Reached skill level 8 in Fighting
  3735 | D:9      | Reached XP level 10. HP: 50/50 MP: 11/11
  3774 | D:9      | Reached skill level 1 in Evocations
  3826 | D:9      | Gained mutation: You are hated by all. [Ru sacrifice]
  3826 | D:9      | Reached ** piety under Ru
  3826 | D:9      | Reached *** piety under Ru
  3953 | D:9      | Found a shimmering blue altar of Sif Muna.
  3984 | D:9      | Found a staircase to the Lair.
  3997 | Lair:1   | Entered Level 1 of the Lair of Beasts
  3997 | Lair:1   | Noticed a cane toad
  4011 | Lair:1   | Killed a cane toad
  4012 | Lair:1   | Noticed Gastronok
  4034 | Lair:1   | Killed Gastronok
  4182 | Lair:1   | Noticed Sonja
  4194 | Lair:1   | Banished Sonja
  4354 | Lair:2   | Noticed an eight-headed hydra
  4370 | Lair:1   | Noticed a cane toad
  4386 | Lair:1   | Killed a cane toad
  4387 | Lair:1   | Reached XP level 11. HP: 54/54 MP: 12/12
  4422 | Lair:1   | Reached skill level 5 in Shields
  4697 | Lair:2   | Reached skill level 9 in Fighting
  4836 | Lair:2   | Reached skill level 10 in Maces & Flails
  5020 | Lair:3   | Noticed a lindwurm
  5043 | Lair:4   | Identified the +9 flail "Ymeroa" {flame, *Noise rC++ Str+3}
  5079 | Lair:4   | Noticed Urug
  5153 | Lair:4   | Reached skill level 10 in Fighting
  5189 | Lair:4   | Reached XP level 12. HP: 38/60 MP: 10/13
  5206 | Lair:4   | Noticed a death yak
  5206 | Lair:4   | Noticed a death yak
  5206 | Lair:4   | Noticed a death yak
  5272 | Lair:4   | Noticed an eight-headed hydra
  5277 | Lair:5   | Entered Level 5 of the Lair of Beasts
  5341 | Lair:5   | Reached skill level 5 in Dodging
  5389 | Lair:5   | Noticed a catoblepas
  5420 | Lair:5   | Killed a catoblepas
  5430 | Lair:5   | Found a staircase to the Slime Pits.
  5556 | Lair:5   | Found a dark tunnel.
  5561 | Volcano  | Entered a volcano
  5583 | Volcano  | Noticed a stone giant
  6148 | Lair:5   | Reached XP level 13. HP: 64/64 MP: 14/14
  6566 | Lair:5   | Identified the +8 mace of Vouliap {pain, Int+3}
  6817 | Lair:4   | Reached skill level 5 in Armour
  6976 | Lair:4   | Gained mutation: You are somewhat unskilled. (-1 Apt) [Ru
                  | sacrifice]
  6976 | Lair:4   | Reduced skill Fighting to level 9
  6976 | Lair:4   | Reduced skill Throwing to level 1
  6976 | Lair:4   | Reduced skill Evocations to level 1
  6976 | Lair:4   | Reached **** piety under Ru
  6979 | Lair:4   | Noticed Rupert
  7027 | Lair:4   | Reached skill level 5 in Armour
  7042 | Lair:4   | Killed Rupert
  7043 | Lair:4   | Reached skill level 10 in Fighting
  7121 | Lair:4   | Found a runed translucent door.
  7121 | Lair:4   | Noticed Fifowuza's ghost (journeyman DrTm)
  7455 | Lair:3   | Found a staircase to the Swamp.
  7475 | Lair:2   | Reached XP level 14. HP: 56/69 MP: 15/15
  7546 | Lair:3   | Found a hole to the Spider Nest.
  7956 | D:10     | Entered Level 10 of the Dungeon
  8036 | D:10     | Gained mutation: You cannot study or cast Ice magic. [Ru
                  | sacrifice]
  8036 | D:10     | Gained mutation: You cannot study or cast Transmutations
                  | magic. [Ru sacrifice]
  8036 | D:10     | Gained mutation: You cannot study or cast Translocations
                  | magic. [Ru sacrifice]
  8036 | D:10     | Reached ***** piety under Ru
  8810 | D:11     | Found a gate leading to a gauntlet.
  8821 | Gauntlet | Entered a Gauntlet
  8821 | Gauntlet | Found a transporter.
  8830 | Gauntlet | Found a transporter.
  8832 | Gauntlet | Found a transporter.
  8853 | Gauntlet | Found a transporter.
  8855 | Gauntlet | Found a transporter.
  8864 | Gauntlet | Found a transporter.
  8880 | Gauntlet | Found a transporter.
  8882 | Gauntlet | Noticed an entropy weaver
  8884 | Gauntlet | Found a transporter.
  8896 | Gauntlet | Found a transporter.
  8900 | Gauntlet | Found a transporter.
  8920 | Gauntlet | Found a transporter.
  8920 | Gauntlet | Found a transporter.
  8946 | Gauntlet | Found a transporter.
  8948 | Gauntlet | Noticed a quicksilver ooze
  8970 | Gauntlet | Found a transporter.
  9080 | Gauntlet | Identified the +0 pair of gloves "Quqyruil" {rF+ Int+4}
  9089 | Gauntlet | Identified the +3 broad axe "Reawereg" {vorpal, rPois
                  | Will+}
  9115 | Gauntlet | Killed an entropy weaver
  9421 | D:11     | Found a staircase to the Orcish Mines.
  9506 | Orc:1    | Entered Level 1 of the Orcish Mines
  9513 | Orc:1    | Noticed Fannar
  9527 | Orc:1    | Banished Fannar
  9738 | Orc:2    | Entered Level 2 of the Orcish Mines
 10074 | Orc:2    | Found Nuphivos's Armour Boutique.
 10152 | Orc:2    | Found Xaunwape's Assorted Antiques.
 10179 | Orc:2    | Bought the +2 pair of boots "Hattyorph" {Drain Fly rN+++
                  | Will+} for 624 gold pieces
 10375 | Orc:2    | Found Torruq's Jewellery Boutique.
 10375 | Orc:2    | Found Fusaulo's Antique Weapon Emporium.
 10496 | Orc:2    | Found a staircase to the Elven Halls.
 10753 | D:12     | Reached XP level 15. HP: 72/72 MP: 16/16
 11030 | D:12     | Found a glowing golden altar of the Shining One.
 11639 | D:13     | Reached skill level 11 in Fighting
 11724 | D:13     | Identified the +11 spear "Wynoat" {pain, rPois rN+}
 12153 | D:15     | Entered Level 15 of the Dungeon
 12510 | D:15     | Found a staircase to the Depths.
 12520 | D:15     | Reached skill level 12 in Fighting
 12744 | D:15     | Noticed ZLogic's ghost (journeyman SpEn)
 12754 | D:15     | Found a transporter.
 13078 | D:14     | Found a transporter.
 13081 | D:14     | Noticed Godmorgon's ghost (adept FoAK)
 13557 | Lair:2   | Reached skill level 10 in Shields
 13571 | Swamp:1  | Entered Level 1 of the Swamp
 13638 | Swamp:1  | Noticed Josephine
 13683 | Swamp:1  | Killed Josephine
 13686 | Swamp:1  | Noticed Jorgrun
 13735 | Swamp:1  | Killed Jorgrun
 13863 | Swamp:1  | Identified Roxanne's Papyrus of Shaping
 13863 | Swamp:1  | Noticed Roxanne
 13985 | Swamp:1  | Reached XP level 16. HP: 66/79 MP: 17/17
 14400 | Swamp:2  | Noticed a fenstrider witch
 14417 | Swamp:2  | Killed a fenstrider witch
 14778 | Swamp:3  | Reached skill level 10 in Dodging
 15366 | Swamp:3  | Identified the +0 leather armour of Devotion {rN+ Regen+}
 15416 | Swamp:4  | Entered Level 4 of the Swamp
 15641 | Swamp:4  | Noticed the 27-headed Lernaean hydra
 15710 | Swamp:4  | Noticed Bai Suzhen
 15746 | Swamp:4  | Reached skill level 10 in Armour
 15757 | Swamp:4  | Noticed a thorn hunter
 15926 | Swamp:4  | Killed a thorn hunter
 15996 | Swamp:4  | Reached skill level 5 in Evocations
 16123 | Swamp:4  | Killed the 27-headed Lernaean hydra
 16139 | Swamp:4  | Reached XP level 17. HP: 79/80 MP: 18/18
 16181 | Swamp:4  | Got a decaying rune of Zot
 16408 | Swamp:2  | Got the Handbook of Reanimation Made Easy
 16695 | Spider:1 | Entered Level 1 of the Spider Nest
 16813 | Spider:1 | Noticed Donald
 16847 | Spider:1 | Killed Donald
 16972 | Spider:1 | Identified the ring "Imumpuy" {*Corrode rF+ Dex+4 SInv}
 17427 | Spider:1 | Noticed Nikola
 17737 | Spider:2 | Reached skill level 13 in Fighting
 17866 | Spider:2 | Identified the +1 cloak of Plasticity {-Tele rElec rC+
                  | Dex+2}
 18807 | Spider:4 | Entered Level 4 of the Spider Nest
 18879 | Spider:4 | Noticed Asterion
 18961 | Spider:4 | Reached XP level 18. HP: 69/83 MP: 19/19
 19197 | Spider:4 | Reached skill level 14 in Fighting
 19238 | Spider:4 | Got a gossamer rune of Zot
 19294 | Spider:4 | Killed Asterion
 20087 | Elf:1    | Entered Level 1 of the Elven Halls
 20487 | Elf:1    | Paralysed by an air elemental for 1 turns
 20683 | Elf:1    | Found a runed translucent door.
 20683 | Elf:1    | Found a shimmering altar of Xom.
 20683 | Elf:1    | Noticed math4jedi's ghost (journeyman MiBe)
 20683 | Elf:1    | Identified the +6 halberd "Desot" {chaos, *Rage rF+ rCorr}
 20832 | Elf:1    | Found Fifyass's Distillery.
 20832 | Elf:1    | Found Pufit's Jewellery Boutique.
 20847 | Elf:1    | Bought a potion of haste for 180 gold pieces
 20888 | Elf:2    | Paralysed by an air elemental for 1 turns
 21062 | Elf:2    | Found Qiepalu's Antique Weapon Boutique.
 21436 | Elf:2    | Found a runed translucent gate.
 21438 | Elf:2    | Found a runed translucent gate.
 21439 | Elf:2    | Found a runed translucent gate.
 21728 | Elf:3    | Entered Level 3 of the Elven Halls
 21803 | Elf:3    | Reached XP level 19. HP: 67/89 MP: 11/20
 21887 | Elf:3    | Identified the +3 ring mail of Parts Unknown {rElec}
 22002 | Elf:3    | Got the Volume of Combative Air
 22296 | Elf:3    | Identified the +2 broad axe of Hard Scrabble {freeze,
                  | Will++ Dex+4}
 22329 | Elf:3    | Reached skill level 15 in Fighting
 22358 | Elf:3    | Identified the +10 battleaxe "Dexese" {elec, rElec Int+2}
 22517 | Elf:3    | Identified the -1 pair of gloves of Sasiot {*Slow Will++
                  | Dex+6}
 22537 | Elf:3    | Identified the +10 plate armour of the Seven Songs {rPois
                  | rC+ SInv}
 23553 | D:14     | Found a transporter.
 23633 | D:14     | Killed Godmorgon's ghost
 23679 | D:14     | Identified the ring "Retucit" {rF+ Str+8 Stlth+}
 23891 | D:14     | Found a gate to the Vaults.
 23901 | Vaults:1 | Entered Level 1 of the Vaults
 24071 | Vaults:1 | Reached skill level 15 in Shields
 24364 | Vaults:1 | You are sucked into a shaft and drop 1 floor!
 24403 | Vaults:2 | Noticed Xtahua
 24416 | Vaults:2 | Banished Xtahua
 24428 | Vaults:2 | Reached XP level 20. HP: 96/101 MP: 21/21
 24591 | Vaults:2 | Identified the ring "Kexzi" {rC+ Dex+6}
 24890 | Vaults:2 | Found Ciryrgh's Distillery.
 24895 | Vaults:2 | Found a portal to a secret trove of treasure.
 24913 | Vaults:2 | Bought a potion of resistance for 200 gold pieces
 24913 | Vaults:2 | Bought a potion of haste for 200 gold pieces
 24913 | Vaults:2 | Bought a potion of haste for 200 gold pieces
 25295 | Vaults:2 | Noticed Mara
 25303 | Vaults:2 | Noticed Lutefisk's illusion
 25310 | Vaults:2 | Killed Mara
 25649 | Vaults:3 | Found a magical portal.
 25654 | WizLab   | Entered Maxwell's Workshop
 25731 | WizLab   | Found the +2 Maxwell's thermic engine {flame, freeze}
 25753 | WizLab   | Identified the ring "Tuun" {Fire Str+4}
 25927 | WizLab   | Identified the +6 kite shield "Kocwetej" {Drain rElec rPois
                  | rF+}
 25939 | WizLab   | Noticed an electric golem
 26041 | WizLab   | Banished an electric golem
 26050 | WizLab   | Identified the +3 sling of Ethereal Expedience {freeze,
                  | rPois rC+ rN+}
 26489 | Vaults:3 | Found Oczepped's Antique Armour Shoppe.
 26496 | Vaults:3 | Bought a twisted cloak for 437 gold pieces
 26496 | Vaults:3 | Identified the +0 cloak "Enwergh" {Harm rC+ SInv Stlth-}
                  | (You bought it in a shop on level 3 of the Vaults)
 26801 | Vaults:3 | Reached skill level 15 in Armour
 26844 | Vaults:3 | Reached XP level 21. HP: 98/99 MP: 22/22
 26943 | Vaults:3 | Found Xaamui's Jewellery Emporium.
 26944 | Vaults:3 | Found Cipsar's Jewellery Shoppe.
 27411 | Vaults:4 | Reached skill level 16 in Fighting
 28114 | Vaults:5 | Entered Level 5 of the Vaults
 28464 | Vaults:5 | Identified the ring of Secrets {AC+4 Dex+3}
 28468 | Vaults:5 | Identified the amulet "Lercheemu" {rF++ Regen+ Str+4}
 28481 | Vaults:5 | Reached XP level 22. HP: 95/101 MP: 14/23
 28482 | Vaults:5 | Noticed a dread lich
 28488 | Vaults:5 | Noticed an ancient lich
 28491 | Vaults:5 | Noticed a dread lich
 28570 | Vaults:5 | Identified the +1 chain mail of the Barracuda {Int+8 Dex-5}
 28607 | Vaults:5 | Found Yghyloomm's Distillery.
 28616 | Vaults:5 | Got a silver rune of Zot
 28620 | Vaults:5 | Bought 2 potions of mutation for 320 gold pieces
 28774 | Vaults:5 | Found Woeg's Assorted Antiques.
 28796 | Vaults:5 | Identified the +0 leather armour of the Slug {Str+2}
 28814 | Vaults:5 | Killed an ancient lich
 28837 | Vaults:5 | Banished a dread lich
 28853 | Vaults:5 | Identified the +5 great sword "Killer Klown's Doom"
                  | {protect, rF+ Will+ Dex-4}
 29031 | Vaults:5 | Reached skill level 17 in Fighting
 29132 | Vaults:5 | Killed a dread lich
 29606 | Depths:1 | Entered Level 1 of the Depths
 29606 | Depths:1 | Found a one-way gateway to a ziggurat.
 29718 | Depths:1 | Found a broken altar of Ashenzari.
 29751 | Depths:1 | Identified the +1 leather armour of the Last Servitors
                  | {rN++ Dex+3}
 30031 | Depths:1 | Found Funaokli's Jewellery Boutique.
 30637 | Depths:2 | Found a shadowy altar of Dithmenos.
 30649 | Depths:2 | Reached XP level 23. HP: 117/117 MP: 24/24
 30929 | Depths:2 | Noticed the Enchantress
 30965 | Depths:2 | Killed the Enchantress
 31099 | Depths:2 | Found a one-way gate leading to the halls of Pandemonium.
 31211 | Depths:2 | Found a gateway to Hell.
 31784 | Depths:3 | Reached skill level 18 in Fighting
 31899 | Depths:3 | Noticed a caustic shrike
 31916 | Depths:3 | Noticed a caustic shrike
 31929 | Depths:3 | Killed a caustic shrike
 31931 | Depths:3 | Killed a caustic shrike
 32036 | Depths:3 | Noticed a golden dragon
 32044 | Depths:3 | Banished a golden dragon
 32132 | Depths:3 | Noticed a golden dragon
 32230 | Depths:3 | Killed a golden dragon
 32283 | Depths:3 | Noticed Parghit
 32326 | Depths:3 | Banished Parghit
 32358 | Depths:3 | Reached XP level 24. HP: 125/125 MP: 24/24
 32422 | Depths:3 | Identified the +9 mace of Datsedeg {venom, *Rage rPois rN+
                  | Dex+6}
 32734 | Depths:3 | Identified the +1 short sword of Indomitability {vorpal,
                  | Str+4}
 32814 | Depths:3 | Found an ancient bone altar of Kikubaaqudgha.
 32962 | Depths:4 | Entered Level 4 of the Depths
 32987 | Depths:4 | Paralysed by a floating eye for 3 turns
 33048 | Depths:4 | Reached skill level 19 in Fighting
 33281 | Depths:4 | Identified the ring of Teshrak {rF+ rN+ Will+ rCorr}
 33299 | Depths:4 | Noticed a juggernaut
 33316 | Depths:4 | Killed a juggernaut
 33349 | Depths:4 | Identified the ring "Aptiyts" {rC+ Str+6 Dex+2}
 33350 | Depths:4 | Noticed a caustic shrike
 33362 | Depths:4 | Killed a caustic shrike
 33440 | Depths:4 | Paralysed by a floating eye for 4 turns
 33447 | Depths:4 | Noticed a caustic shrike
 33456 | Depths:4 | Banished a caustic shrike
 33570 | Depths:4 | Noticed a caustic shrike
 33576 | Depths:4 | Banished a caustic shrike
 33606 | Depths:4 | Found a gate to the Realm of Zot.
 33670 | Depths:3 | Voluntarily entered the Abyss.
 33704 | Abyss:1  | Banished a caustic shrike
 33733 | Abyss:1  | Banished a caustic shrike
 33759 | Abyss:1  | Banished a caustic shrike
 33857 | Abyss:1  | Killed a caustic shrike
 33930 | Abyss:1  | Killed a dread lich
 33973 | Abyss:1  | Killed Sonja
 33994 | Abyss:1  | Found a corrupted altar of Lugonu.
 33997 | Abyss:1  | Found a corrupted altar of Lugonu.
 33997 | Abyss:1  | Found a corrupted altar of Lugonu.
 34013 | Abyss:1  | Banished Parghit
 34016 | Abyss:1  | Reached XP level 25. HP: 85/119 MP: 19/24
 34048 | Abyss:1  | Found a corrupted altar of Lugonu.
 34101 | Abyss:1  | Gained mutation: You sometimes lose your temper in combat.
                  | [a neqoxec]
 34357 | Abyss:3  | Banished Parghit
 34406 | Abyss:3  | Banished Fannar
 34560 | Abyss:3  | Banished Parghit
 34695 | Abyss:3  | Gained mutation: You occasionally lose the ability to read
                  | scrolls when taking damage. [a neqoxec]
 34697 | Abyss:3  | Gained mutation: You are somewhat resistant to further
                  | mutation. [a neqoxec]
 35256 | Abyss:3  | Gained mutation: You are dopey. (Int -2) [a neqoxec]
 35367 | Abyss:3  | Banished Parghit
 35441 | Abyss:3  | Noticed a dread lich
 35451 | Abyss:3  | Banished a dread lich
 35477 | Abyss:3  | Banished Parghit
 35509 | Abyss:3  | Got an abyssal rune of Zot
 35527 | Depths:3 | Escaped the Abyss
 35542 | Depths:3 | Found Kauling's Magic Scroll Emporium.
 35907 | Lair:4   | Killed Urug
 35939 | Slime:1  | Entered Level 1 of the Pits of Slime
 36133 | Slime:5  | Entered Level 5 of the Pits of Slime
 36206 | Slime:5  | Reached XP level 26. HP: 135/135 MP: 23/24
 36214 | Slime:5  | Reached skill level 20 in Fighting
 36230 | Slime:5  | Gained mutation: You occasionally lose the ability to drink
                  | potions when taking damage. [a shining eye]
 36233 | Slime:5  | Gained mutation: You are occasionally teleported next to
                  | monsters. [a shining eye]
 36265 | Slime:5  | Noticed the Royal Jelly
 36318 | Slime:4  | Lost mutation: You are dopey. (Int -2) [potion of mutation]
 36318 | Slime:4  | Lost mutation: You occasionally lose the ability to read
                  | scrolls when taking damage. [potion of mutation]
 36344 | Slime:5  | Found the +18 shield of the Gong {rElec rN+ Will+ EV-5}
 36555 | Slime:5  | Killed the Royal Jelly
 36633 | Slime:5  | Got a slimy rune of Zot
 36674 | Slime:5  | Identified the +10 executioner's axe of Clean Offence
                  | {elec, *Rage rF+ Will+ SInv}
 36693 | Slime:5  | Identified the +5 long sword "Ynnonich" {vorpal, rC- rCorr
                  | Dex+4}
 37144 | Depths:1 | You are sucked into a shaft and drop 1 floor!
 37166 | Hell     | Entered the Vestibule of Hell
 37168 | Hell     | Noticed Geryon
 37221 | Hell     | Killed Geryon
 37482 | Pan      | Entered Pandemonium
 37601 | Pan      | Entered the realm of Gloorx Vloq.
 38039 | Pan      | Lost mutation: You occasionally lose the ability to drink
                  | potions when taking damage. [potion of mutation]
 38039 | Pan      | Lost mutation: You are occasionally teleported next to
                  | monsters. [potion of mutation]
 38104 | Pan      | Noticed Gloorx Vloq
 38151 | Pan      | Killed Gloorx Vloq
 38203 | Pan      | Got a dark rune of Zot
 38211 | Pan      | Reached skill level 21 in Fighting
 38299 | Pan      | Found an exit through the horrors of the Abyss.
 38480 | Pan      | Entered the realm of Lom Lobon.
 38528 | Pan      | Reached skill level 5 in Throwing
 38702 | Pan      | Noticed Lom Lobon
 38744 | Pan      | Killed Lom Lobon
 38751 | Pan      | Got a magical rune of Zot
 38837 | Pan      | Reached XP level 27. HP: 131/143 MP: 24/24
 39122 | Pan      | Noticed Emothudu the pandemonium lord
 39153 | Pan      | Reached skill level 10 in Throwing
 39186 | Pan      | Killed Emothudu the pandemonium lord
 39234 | Pan      | Found an exit through the horrors of the Abyss.
 39371 | Pan      | Identified the +1 scale mail "Zisat" {Str+2}
 39729 | Pan      | Identified the ring "Qegiymu" {rPois Will+ Int+4 Dex+4}
 39907 | Pan      | Identified the +5 great sword of the King {freeze, Will+
                  | Str+4 Dex+4}
 39907 | Pan      | Identified the +1 leather armour of the Ego {+Blink rElec
                  | SInv}
 39963 | Pan      | Identified the +1 scale mail of Coenyargh {rC- Str+2 Int+4}
 39977 | Pan      | Noticed a seraph
 39980 | Pan      | Identified the +0 buckler of Babiom {Harm Fly}
 40020 | Pan      | Killed a seraph
 40110 | Pan      | Found a glowing golden altar of the Shining One.
 40119 | Pan      | Got a demonic rune of Zot
 40120 | Pan      | Identified the +1 pair of gloves "Aseinem" {SInv}
 40268 | Pan      | Found a glowing silver altar of Zin.
 40643 | Pan      | Entered the realm of Mnoleg.
 40835 | Pan      | Noticed Mnoleg
 40835 | Pan      | Paralysed by a floating eye for 3 turns
 40890 | Pan      | Killed Mnoleg
 41006 | Pan      | Got a glowing rune of Zot
 41101 | Pan      | Entered the realm of Cerebov.
 41157 | Pan      | Found the +6 sword of Cerebov {flame}
 41157 | Pan      | Noticed Cerebov
 41159 | Pan      | Got a fiery rune of Zot
 41244 | Pan      | Found a huge runed translucent gate.
 41246 | Pan      | Found a huge runed translucent gate.
 41246 | Pan      | Found a huge runed translucent gate.
 41252 | Pan      | Found a huge runed translucent gate.
 41345 | Pan      | Noticed Larum the pandemonium lord
 41366 | Pan      | Noticed Huqiamuk the pandemonium lord
 41513 | Pan      | Found an exit through the horrors of the Abyss.
 41530 | Pan      | Took an exit into the Abyss.
 41530 | Abyss:3  | Escaped into the Abyss
 41530 | Abyss:3  | Identified the +0 tower shield of Zeiprip {+Inv rF- SInv}
 41657 | Abyss:3  | Killed Xtahua
 41792 | Depths:2 | Escaped the Abyss
 41867 | Hell     | Noticed Murray
 41974 | Hell     | Killed Murray
 42029 | Hell     | Found a gateway to the freezing wastes of Cocytus.
 42061 | Coc:1    | Entered Level 1 of Cocytus
 42076 | Coc:1    | Reached skill level 22 in Fighting
 42542 | Zot:1    | Entered Level 1 of the Realm of Zot
 43019 | Coc:4    | HP: 1/122 [wendigo/seracfall (34)]
 43038 | Coc:4    | HP: 5/122 [nargun (7)]
 43040 | Coc:4    | HP: 2/125 [frost giant/bolt of cold (6)]
 43045 | Coc:4    | HP: 3/125 [frost giant/+1 battleaxe of freezing (6)]
 43055 | Coc:4    | You are sucked into a shaft and drop 2 floors!
 43258 | Coc:7    | Entered Level 7 of Cocytus
 43258 | Coc:7    | Noticed an ancient lich
 43267 | Coc:7    | Killed an ancient lich
 43385 | Coc:7    | Noticed Antaeus
 43421 | Coc:7    | HP: 5/145 [Ice Fiend (12)]
 44105 | Zot:5    | Entered Level 5 of the Realm of Zot
 44222 | Zot:5    | Reached skill level 23 in Fighting
 44227 | Zot:5    | Noticed an orb of fire
 44232 | Zot:5    | Noticed an ancient lich
 44235 | Zot:5    | Noticed an ancient lich
 44241 | Zot:5    | Noticed a dread lich
 44241 | Zot:5    | Noticed an orb of fire
 44244 | Zot:5    | Noticed an orb of fire
 44244 | Zot:5    | Noticed an orb of fire
 44244 | Zot:5    | Noticed an orb of fire
 44245 | Zot:5    | Noticed an orb of fire
 44438 | Zot:4    | Killed a dread lich
 44446 | Zot:5    | Gained mutation: Your body sometimes deteriorates upon
                  | taking damage. [an orb of fire]
 44477 | Zot:5    | Killed an orb of fire
 44501 | Zot:5    | Noticed an orb of fire
 44530 | Zot:5    | Killed an orb of fire
 44532 | Zot:5    | Noticed an ancient lich
 44541 | Zot:5    | Killed an ancient lich
 44552 | Zot:5    | Killed an ancient lich
 44850 | Hell     | Lost mutation: You sometimes lose your temper in combat.
                  | [potion of mutation]
 44850 | Hell     | Lost mutation: Your body sometimes deteriorates upon taking
                  | damage. [potion of mutation]
 44850 | Hell     | Lost mutation: You are somewhat resistant to further
                  | mutation. [potion of mutation]
 44850 | Hell     | Gained mutation: You sometimes lose your temper in combat.
                  | [potion of mutation]
 44850 | Hell     | Gained mutation: You have sharp toenails. [potion of
                  | mutation]
 45071 | Coc:7    | Noticed a dread lich
 45123 | Hell     | Killed Antaeus
 45532 | Zot:1    | Identified the ring "Faesh" {rPois rC+ rN+++ Int-2 SInv}
 46988 | Zot:3    | Gained mutation: You are clumsy. (Dex -2) [Ru sacrifice]
 47279 | Coc:7    | Killed a dread lich
 47291 | Coc:7    | Paralysed by a wendigo for 1 turns
 47513 | Zot:3    | Reached skill level 24 in Fighting
 48130 | Coc:7    | Identified the amulet of Daffodils {RegenMP Rampage rC+
                  | Will+}
 48132 | Coc:7    | Identified the ring of Pasogg {Fire rElec}
 48192 | Coc:7    | Got an icy rune of Zot
 48256 | Hell     | Found a gateway to the Iron City of Dis.
 48296 | Hell     | Found a gateway to the decaying netherworld of Tartarus.
 48304 | Tar:1    | Entered Level 1 of Tartarus
 48458 | Tar:2    | HP: 4/119 [poisoned by a tainted leviathan (dark miasma)]
 48458 | Tar:2    | HP: 1/119 [doom hound (3)]
 48459 | Tar:2    | Engulfed by a tainted leviathan's foul pestilence

Illustrated notes

Levels and vault maps discovered:
D:1:      doesnt_arrival_eight_statues, layout_loops_ring, minmay_pentomino_z4
D:2:      layout_rooms, shapermc_ecumenical_altar_totnotflames
D:3:      layout_loops_ring, lemuel_coloured_pillars_altar,
          lemuel_crystal_altar, serial_shops, nicolae_shop_advertising_works
          [nicolae_subvault_shop_adworks], cheibrodos_sewer_entry_drain,
          uniq_jessica
D:4:      layout_basic, mainiacjoe_overflow_tiny_flanked,
          minmay_temple_entry_slanted, ebering_ghost_gozag
D:5:      layout_basic, grunt_temple_overflow_open
D:6:      layout_gridville, okawaru_gym_becter
D:7:      layout_loops_ring, grunt_temple_overflow_growth_and_decay,
          lightli_temple_of_fire, nicolae_uskayaw_dance_studio,
          grunt_decor_junction, uniq_crazy_yiuf_cottage, uniq_duvessa
D:8:      layout_rooms, mainiacjoe_overflow_24_doors,
          amcnicky_altar_lugonu_corruption
D:9:      layout_roguey, led_sif_book, lair_entry_dummy
D:10:     layout_grid_maze
D:11:     layout_stronghold, orc_0_dummy, gauntlet_entry_generic
D:12:     layout_irregular_city, nicolae_tso_swordbearing_angel
D:13:     layout_irregular_city
D:14:     layout_basic, david_vaults_1, minmay_hedge_maze,
          gammafunk_ghost_berserking_beasts
D:15:     grunt_enter_depths_hoard, layout_loops_ring,
          gammafunk_ghost_abyssal_escape, serial_glass, glass_columns_a,
          glass_columns_b
Lair:1:   layout_chaotic_city, chequers_serial_rivers_micro_c,
          grunt_forest_small_clearings, chequers_serial_rivers_micro_b,
          gammafunk_lair_bear_cave, lemuel_fruit_fields, serial_bayou_shore_a,
          serial_bayou_shore_b, uniq_sonja, uniq_gastronok
Lair:2:   layout_roguey, serial_forest, infiniplex_forest_clump_diagonal,
          infiniplex_forest_clump_cross, infiniplex_forest_diagonal,
          infiniplex_forest_split, infiniplex_forest_clump_small,
          infiniplex_forest_clump_diagonal, infiniplex_forest_clump_C
Lair:3:   layout_concentric_octagons, minmay_swamp_entry_reptiles,
          spider_nest_entry_rubble, grunt_megastairs_2
Lair:4:   statuecave_lemuel, layout_cave_pods, ebering_ghost_inner_flame,
          nicolae_quartered_pool_little, grunt_megastairs_4, uniq_urug,
          uniq_rupert
Lair:5:   hangedman_lair_tendril_chambers, layout_gridlike,
          nicolae_slime_entry_slimehenge, special_room [special_room_bee],
          enter_volcano_4
Swamp:1:  layout_falls_marsh, nicolae_swamp_little_tower, uniq_roxanne,
          uniq_jorgrun, uniq_josephine
Swamp:2:  nicolae_swamp_standing_stones, layout_falls_marsh, serial_swamp_ruin,
          evilmike_swamp_ruin_house_5, evilmike_swamp_ruin_rubble_2,
          swamp_pool3, nicolae_swamp_necromancy_gone_wrong
Swamp:3:  layout_basic_swamp, infiniplex_staircase_pool_2,
          nicolae_swamp_stuck_in_the_mud
Swamp:4:  grunt_swamp_rune_castle, layout_basic_swamp, swamp_pool3,
          uniq_bai_suzhen
Spider:1: layout_spider_delve, uniq_nikola, uniq_donald
Spider:2: cheibrodos_spider_silkery
Spider:3: layout_cave_pods
Spider:4: grunt_spider_rune_island, nicolae_spider_webs_and_nodes, drop_trap,
          nicolae_spider_claw_tunnel, uniq_asterion
Slime:1:  layout_caves
Slime:2:  layout_caves, basic_altar
Slime:3:  layout_caves
Slime:4:  layout_caves, cheibrodos_slime_lost_civilization_5
Slime:5
Orc:1:    layout_diamond_mine, uniq_fannar
Orc:2:    st_orc_town, layout_caves
Elf:1:    elf_arrival_002, layout_gridlike, ebering_ghost_xom,
          hangedman_elf_represent, minmay_shoptagon
Elf:2:    elven_hall_of_blades_hangedman_original
          [nicolae_blade_entry_antechamber], layout_loops_corners, serial_shops,
          nicolae_shop_hallway_plus
Elf:3:    minmay_elf_hall_quartered_circle, layout_loops_corners
Vaults:1: nicolae_vaults_little_squares_5, nicolae_vaults_an_arrangement,
          grunt_vaults_focal, vaults_room_pools, v_misc_8, grunt_vaults_funnel,
          vaults_room_stairs_pillars, v_misc_19, v_misc_27,
          hangedman_vaults_pinch, ontoclasm_vaults_tryst,
          vaults_mumra_chevron_long, grunt_vaults_diagonal, vaults_dpeg_cross,
          ontoclasm_vaults_decontamination, layout_vaults_ring, serial_shops,
          shop
Vaults:2: nicolae_vaults_little_squares_2, nicolae_vaults_little_squares_5,
          v_pattern_1, vaults_room_hallway, ontoclasm_vaults_loading_screen,
          hangedman_vaults_impose, st_spiral_rooms, vaults_room_hallway,
          layout_vaults_omnigrid, enter_trove_2, serial_shops, shop, uniq_mara,
          uniq_xtahua
Vaults:3: mu_enter_wizlab_1, nicolae_vaults_meeting,
          nicolae_vaults_inception_scallops, vaults_room_semicircle,
          minmay_crypt_entry_skeletal_spiral, v_misc_30,
          nicolae_vaults_circle_grid_a, dpeg_vaults_monster_row,
          hangedman_vaults_snaps, nicolae_vaults_little_squares_4, v_misc_15,
          ontoclasm_vaults_loading_screen, nicolae_vaults_little_squares_1,
          layout_vaults_big_cross, serial_shops, nicolae_shop_statue_plus,
          shop_statue, shop
Vaults:4: v_alt_pattern_2, hangedman_vaults_stitches,
          nicolae_vaults_network_square, vaults_mumra_lcd,
          ontoclasm_vaults_chip, nicolae_vaults_triangles,
          nicolae_vaults_little_squares_2,
          nicolae_vaults_windows_and_doors_thing, layout_vaults_maze
Vaults:5: serial_shops
Depths:1: layout_roguey, enter_ziggurat_f, abyss_entry, grunt_hell_entry_dis_mu,
          minmay_misc_feat_columns, hangedman_decor_diamond_cutter,
          nicolae_inconvenience_store, chequers_serial_rivers_large_a,
          minmay_statues_item, evilmike_ruin_ashenzari
Depths:2: minmay_containers, layout_gridlike, hell_entry,
          nicolae_dithmenos_the_darkroom, grunt_pan_entry_sceptre,
          firewood_loft, infiniplex_staircase_spiral_double,
          serial_bayou_shore_b, uniq_enchantress
Depths:3: angbandy_vault, layout_honeycomb, minmay_room_of_horrors,
          kiku_gazebo_garden_becter, hangedman_tar_grid_catacomb,
          nicolae_take_the_stairs, minislime_mu, infiniplex_staircase_diamond,
          serial_bayou_shore_b, uniq_parghit
Depths:4: hangedman_spin_cycle, hell_entry, serial_shops
Hell
Coc:1:    layout_cocytus_water_paths
Coc:2:    layout_ice_bergs
Coc:3:    layout_cocytus_water_paths
Coc:4:    nicolae_coc_hellspring, layout_ice_bergs
Coc:5:    layout_cocytus_delve
Coc:6:    layout_cocytus_water_paths
Coc:7:    coc_dpeg
Tar:1:    layout_grid_maze
Tar:2:    nicolae_tar_entranced, layout_cathedral_of_symmetry
Zot:1:    layout_gridville
Zot:2:    layout_basic, skrybe_zot_glass_2
Zot:3:    layout_basic
Zot:4:    layout_cathedral_of_symmetry, kennysheep_underground_church
Zot:5:    layout_concentric_octagons, hangedman_zot_decor_tridents, st_stairs_3

Skill      XL: |  1  2  3  4  5  6  7  8  9 10 11 12 13 14 15 16 17 18 19 20 21 22 23 24 25 26 27 |
---------------+----------------------------------------------------------------------------------+-----
Stealth        | 5 7 8 9 8 |  8.2
Fighting       | 2 3 4 5 6 8 10 10 12 13 14 15 16 17 18 19 21 24 | 24.0
Dodging        | 1 2 4 8 7 8 10 11 12 | 12.0
Maces & Flails | 2 5 6 8 10 11 12 | 12.0
Shields        | 2 4 5 8 7 8 10 13 14 15 16 18 19 20 23 | 23.0
Armour         | 2 4 5 8 10 12 15 16 17 18 19 20 23 | 23.5
Throwing       | 2 1 2 3 7 10 | 10.0
Evocations     | 2 1 3 4 5 |  5.0
Short Blades   | |  1.5

Action                   |  1- 3 |  4- 6 |  7- 9 | 10-12 | 13-15 | 16-18 | 19-21 | 22-24 | 25-27 || total
-------------------------+-------+-------+-------+-------+-------+-------+-------+-------+-------++-------
Melee: Dagger            |    58 |   157 |    10 |       |       |       |       |       |       ||   225
       Bite              |    13 |    45 |    31 |   210 |   491 |   621 |   814 |  1023 |  2866 ||  6114
       Punch             |       |     4 |     1 |       |       |       |       |       |       ||     5
       Whip              |       |       |   136 |   462 |  1202 |  1375 |  1466 |  1752 |   887 ||  7280
       Demon whip        |       |       |       |       |       |       |       |       |  3668 ||  3668
       Sacred scourge    |       |       |       |       |       |       |       |       |    68 ||    68
Throw: Dart              |     2 |    12 |       |    22 |    29 |    22 |     2 |       |     3 ||    92
       Throwing net      |       |       |       |     2 |     1 |       |       |       |     4 ||     7
       Javelin           |       |       |       |       |     2 |     1 |     4 |     5 |    15 ||    27
Invok: Sacrifice Health  |       |       |     1 |       |       |       |       |       |       ||     1
       Sacrifice Love    |       |       |       |     1 |       |       |       |       |       ||     1
       Reject Sacrifices |       |       |       |     1 |     2 |     1 |     1 |       |     2 ||     7
       Sacrifice Skill   |       |       |       |       |     1 |       |       |       |       ||     1
       Sacrifice Arcana  |       |       |       |       |     1 |       |       |       |       ||     1
       Draw Out Power    |       |       |       |       |       |     6 |       |       |     7 ||    13
       Apocalypse        |       |       |       |       |       |     9 |    10 |    13 |    28 ||    60
       Sacrifice Purity  |       |       |       |       |       |       |       |       |     1 ||     1
Evoke: Wand              |       |       |       |       |       |    15 |     1 |     2 |     8 ||    26
       Condenser vane    |       |       |       |       |       |     1 |       |     1 |       ||     2
  Use: Scroll            |       |       |       |     8 |    12 |    11 |    11 |     4 |    39 ||    85
       Potion            |       |       |       |       |     1 |     2 |     1 |     2 |    17 ||    23
 Stab: Sleeping          |     5 |     8 |    14 |     8 |    20 |    23 |     1 |       |     2 ||    81
       Invisible         |       |       |       |     3 |    12 |    14 |     3 |     4 |    40 ||    76
       Distracted        |       |       |       |     2 |     7 |    18 |    15 |    12 |    29 ||    83
       Petrified         |       |       |       |     2 |       |       |       |       |       ||     2
       Confused          |       |       |       |       |       |     2 |       |       |       ||     2
       Paralysed         |       |       |       |       |       |     2 |    13 |    42 |    42 ||    99
       Held in net/web   |       |       |       |       |       |       |       |       |     1 ||     1
Armor: Ring mail         |    21 |    43 |       |       |       |       |       |       |       ||    64
       Skin              |     3 |       |       |       |       |       |       |       |    48 ||    51
       Robe              |       |     2 |    34 |       |       |       |       |       |       ||    36
       Leather armour    |       |       |       |    58 |    49 |       |       |       |       ||   107
       Acid dragon scale |       |       |       |       |   139 |   336 |    58 |       |       ||   533
       Plate armour      |       |       |       |       |       |       |   257 |   285 |  1316 ||  1858
Dodge: Dodged            |    17 |    57 |    46 |   120 |   437 |   544 |   302 |   346 |  1106 ||  2975
Block: Buckler           |       |       |    18 |    50 |   244 |   117 |       |       |       ||   429
       Kite shield       |       |       |       |       |       |   386 |   728 |   968 |  3620 ||  5702
       Reflection        |       |       |       |       |       |    14 |    34 |       |       ||    48
